 Dungeon Crawl Stone Soup version 0.13.1-17-g0f9d4ff (webtiles) character file.

1778 Lilouch the Covered (level 8, -2/60 HPs)
             Began as a Mummy Fighter on Dec 13, 2013.
             Was a Plaything of Xom.
             Slain by a gnoll
             ... wielding a +0,+0 halberd
              (11 damage)
             ... on Level 5 of the Dungeon.
             The game lasted 00:34:01 (7401 turns).

Lilouch the Covered (Mummy Fighter)                 Turns: 7401, Time: 00:34:01

HP  -2/60        AC 14     Str 21      XL: 8   Next: 32%
MP   7/7         EV  3     Int 10      God: Xom
Gold 466         SH 20     Dex 11      Spells:  0 memorised,  7 levels left

Res.Fire  : x . .   See Invis. : .   a - +0 trident
Res.Cold  : + . .   Warding    : .   n - +0 plate armour
Life Prot.: + + +   Conserve   : .   c - +0 shield
Res.Poison: +       Res.Corr.  : .   (no helmet)
Res.Elec. : .       Clarity    : +   (no cloak)
Sust.Abil.: . .     Spirit.Shd : .   B - +0 pair of gauntlets
Res.Mut.  : .       Stasis     : .   (no boots)
Res.Rott. : +       Flight     : .   p - amulet of clarity
Saprovore : . . .                    A - ring of wizardry
                                     l - +3 ring of intelligence

@: somewhat resistant to hostile enchantments, extremely unstealthy
A: no food or potions, fire vulnerability, restore body, cold resistance 1, life
protection 3, poison resistance, torment resistance, unbreathing
a: Renounce Religion


You were on level 5 of the Dungeon.
You worshipped Xom.
You were a toy of Xom.
You were not hungry.

You visited 2 branches of the dungeon, and saw 8 of its levels.

You collected 446 gold pieces.

Inventory:

Hand weapons
 a - a +0,+0 trident (weapon)
 q - a +0,+0 spear (quivered)
 y - a +0,+0 spear
 C - a +0,+0 spear
 D - a +0,+2 spear
 E - a +0,+0 spear
Missiles
 b - 16 arrows of dispersal
 i - 18 poisoned needles
 m - 13 bolts of penetration
 u - 37 bolts
 v - 16 exploding darts
Armour
 c - a +0 shield (worn)
 n - a +0 plate armour (worn)
 o - a +0 orcish chain mail
 B - a +0 pair of gauntlets (worn)
Scrolls
 e - 2 scrolls of identify
 f - a scroll of enchant weapon II {unknown}
 g - a scroll of enchant weapon I {unknown}
 h - 2 scrolls of teleportation
 j - 3 scrolls of fear
 k - a scroll of immolation {unknown}
 r - a scroll of remove curse {unknown}
 t - a scroll of amnesia {unknown}
 x - a scroll of recharging {unknown}
 z - a scroll of curse armour {unknown}
Jewellery
 l - a +3 ring of intelligence (left hand)
 p - an amulet of clarity (around neck)
 s - an uncursed ring of ice
 w - an uncursed amulet of inaccuracy {unknown}
 A - a ring of wizardry (right hand)


   Skills:
 + Level 3.4 Fighting
 - Level 4.1 Polearms
 * Level 6.2 Armour
 + Level 5.1 Shields


You had 7 spell levels left.
You didn't know any spells.

Dungeon Overview and Level Annotations

Branches:
Dungeon (7/27)             Temple (1/1) D:4
    Orc: D:6-11

Altars:
Ashenzari
Cheibriados
Elyvilon
Fedhas
Kikubaaqudgha
Makhleb
Nemelex Xobeh
Okawaru
Sif Muna
Vehumet
Xom
Yredelemnul
Zin
the Shining One
Lugonu

Annotations:
D:2 exclusion: oklob plant
D:3 Sigmund
D:4 exclusion: statue


Innate Abilities, Weirdness & Mutations

You do not eat or drink.
Your flesh is vulnerable to fire.
Your flesh is cold resistant.
You are immune to negative energy.
Your system is resistant to poisons.
You are immune to unholy pain and torment.
You can survive without breathing.


Message History

Attack whom?
Press: ? - help, Dir - move target cursor, f/p - gnoll
Aim: a gnoll, wielding a halberd (heavily wounded)
You reach to attack!
Your shield and plate armour prevent you from hitting the gnoll.
The gnoll is heavily wounded.
You block the gnoll's attack.
Attack whom?
Press: ? - help, Dir - move target cursor, f/p - gnoll
Aim: a gnoll, wielding a halberd (heavily wounded)
You reach to attack!
You barely miss the gnoll.
The gnoll is heavily wounded.
You block the gnoll's attack.
Attack whom?
Press: ? - help, Dir - move target cursor, f/p - gnoll
Aim: a gnoll, wielding a halberd (heavily wounded)
You reach to attack!
You hit the gnoll.
The gnoll is severely wounded.
The gnoll hits you from afar with a halberd!
You die...

#.#########...#...#.
#.........g...#...#.
#...).........#...#.
#.#'#########.#)###.
#.#)........#.......
#.#.........#.......
#.#g#####...#......#
#.#.# #§.!#......#
#.#@# #§..#......#
#.#.# #§..#......#
#.#.#####§..#......#
#.#.........#......#
#.#.........#......#
#.#.........#.......
#.#'#########.......
#...................
####################


You could see a gnoll.

Vanquished Creatures
  Menkaure (D:4)
  2 giant frogs (D:6)
  2 crimson imps
  2 big fish (D:2)
  An iguana (D:4)
  2 gnoll shamans (D:5)
  2 orc priests
  A giant frog skeleton (D:6)
  3 orc wizards
  A scorpion (D:6)
  2 worker ants (D:4)
  A hound skeleton (D:5)
  A worker ant zombie (D:5)
  8 adders
  30 gnolls
  4 worms
  An adder skeleton (D:4)
  An iguana skeleton (D:5)
  4 giant geckos
  An ooze (D:3)
  28 orcs
  14 bats
  A bat skeleton (D:5)
  4 giant cockroaches
  13 goblins
  12 hobgoblins
  21 jackals
  12 kobolds
  3 quokkas
  6 giant newts
  14 rats
  2 rat skeletons
  A plant (D:1)
201 creatures vanquished.

Notes
Turn   | Place    | Note
--------------------------------------------------------------
     0 | D:1      | Lilouch, the Mummy Fighter, began the quest for the Orb.
     0 | D:1      | Reached XP level 1. HP: 18/18 MP: 0/0
   256 | D:1      | Reached XP level 2. HP: 22/24 MP: 1/1
   673 | D:5      | Entered Level 5 of the Dungeon
  1016 | D:3      | Noticed Sigmund
  1111 | D:4      | Reached XP level 3. HP: 17/30 MP: 2/2
  1228 | D:4      | Found a staircase to the Ecumenical Temple.
  1240 | Temple   | Entered the Ecumenical Temple
  1480 | D:4      | Reached XP level 4. HP: 20/36 MP: 3/3
  2156 | D:2      | Found a white marble altar of Elyvilon.
  2268 | D:2      | Found a burning altar of Makhleb.
  2321 | D:2      | Reached XP level 5. HP: 39/41 MP: 4/4
  2353 | D:2      | Found a blossoming altar of Fedhas.
  2464 | D:2      | Noticed an oklob plant
  3468 | D:3      | Reached skill level 4 in Armour
  3642 | D:3      | Reached XP level 6. HP: 28/48 MP: 5/5
  4270 | D:4      | Found a radiant altar of Vehumet.
  4270 | D:4      | Noticed a charred statue
  4312 | D:4      | Found a glowing golden altar of the Shining One.
  4410 | D:4      | Noticed Menkaure
  4433 | D:4      | Killed Menkaure
  4735 | D:4      | Reached XP level 7. HP: 44/53 MP: 6/6
  5115 | D:4      | Reached skill level 5 in Armour
  5202 | Temple   | Became a worshipper of Xom of Chaos
  5600 | D:5      | Found a deep blue altar of Sif Muna.
  5653 | D:5      | XOM: silly message
  5717 | D:6      | XOM: silly message
  5833 | D:5      | Found an iron altar of Okawaru.
  5833 | D:5      | Found a snail-covered altar of Cheibriados.
  5834 | D:5      | Found a shattered altar of Ashenzari.
  5875 | D:5      | Found a glowing silver altar of Zin.
  5875 | D:5      | Noticed an angel
  6069 | D:7      | XOM: potion effect (agility)
  6071 | D:7      | XOM: silly message
  6072 | D:7      | XOM: potion effect (heal wounds)
  6088 | D:5      | XOM: harmless Necr miscast
  6129 | D:5      | XOM: potion effect (invisibility)
  6481 | D:5      | XOM: scenery: create altars
  6594 | D:5      | XOM: mild Necr miscast
  6689 | D:6      | Reached XP level 8. HP: 52/60 MP: 7/7
  7094 | D:5      | Reached skill level 6 in Armour
  7135 | D:5      | XOM: colour smoke trail
  7149 | D:5      | XOM: harmless Tloc miscast
  7219 | D:5      | XOM: colour smoke trail
  7229 | D:5      | XOM: god gift: 57 gold pieces
  7245 | D:5      | XOM is BORED!
  7245 | D:5      | XOM: medium Pois miscast
  7291 | D:5      | Reached skill level 5 in Shields
  7306 | D:5      | Noticed an ogre
  7329 | D:5      | XOM: noise
  7351 | D:5      | XOM: cast spell 'Cause Fear'
  7401 | D:5      | Slain by a gnoll

Action                   |  1- 3 |  4- 6 |  7- 9 || total
-------------------------+-------+-------+-------++-------
Melee: Trident           |   158 |   402 |   540 ||  1100
Throw: Spear             |       |     3 |     2 ||     5
  Use: Scroll            |       |       |     6 ||     6
 Stab: Invisible         |       |       |     7 ||     7
